 Dungeon Crawl Stone Soup version 0.20-a0-1058-g0491fde (webtiles) character file.

88 Gorglomux the Chopper (level 4, 0/42 HPs)
             Began as a Hill Orc Monk on Apr 26, 2017.
             Succumbed to an adder's poison
             ... on level 2 of the Dungeon.
             The game lasted 00:03:18 (1589 turns).

Gorglomux the Chopper (Hill Orc Monk)               Turns: 1589, Time: 00:03:18

Health: 0/42       AC:  3    Str: 13    XL:     4   Next: 53%
Magic:  4/4        EV: 12    Int: 10    God:
Gold:   61         SH:  0    Dex: 14    Spells: 3/3 levels left

rFire    . . .     SeeInvis .   a - +0 hand axe
rCold    . . .     Gourm    .   (no shield)
rNeg     . . .     Faith    .   e - +0 leather armour
rPois    .         Spirit   .   (helmet restricted)
rElec    .         Reflect  .   (no cloak)
rCorr    .         Harm     .   (no gloves)
MR       .....     Rnd*Tele +   (no boots)
Stlth    +.........             (no amulet)
Regen    0.2/turn               j - ring of loudness (curse) {Stlth-}
MPRegen  0.1/turn               (no ring)

@: lethally poisoned (0 -> -5)
A: horns 1, robust 1, teleportitis 1, subdued magic 1
a: no special abilities


You were on level 2 of the Dungeon.
You were not hungry.

You visited 1 branch of the dungeon, and saw 2 of its levels.

You collected 61 gold pieces.

Inventory:

Hand Weapons
 a - a +0 hand axe (weapon)
Armour
 b - a +0 robe
 e - a +0 leather armour (worn)
   (You found it on level 1 of the Dungeon)
Jewellery
 j - a cursed ring of loudness (left hand) {Stlth-}
   (You found it on level 2 of the Dungeon)
Wands
 k - a wand of acid (1/15)
   (You found it on level 2 of the Dungeon)
Scrolls
 f - 6 scrolls of identify
 g - 2 scrolls of teleportation
 n - a scroll of noise {unknown}
 o - a scroll of immolation {unknown}
Comestibles
 c - a bread ration {@e1@e1}
 m - a royal jelly


   Skills:
 - Level 3.6 Fighting
 + Level 6.8 Axes
 - Level 2.4 Dodging
 - Level 1.5 Stealth


You had 3 spell levels left.
You didn't know any spells.

Dungeon Overview and Level Annotations

Branches:
Dungeon (2/15)

Altars:


Innate Abilities, Weirdness & Mutations

You have a pair of small horns on your head.
You are robust. (+10% HP)
You are occasionally teleported next to monsters.
Your spells are a little easier to cast, but a little less powerful.


Message History

You hit the adder but do no damage. The adder bites you. x2
You take 2 damage, and have 33/39 hp.
An adder is nearby!
You barely miss the adder. The adder bites you.
Unknown command.
You take 2 damage, and have 31/39 hp.
An adder is nearby!
You closely miss the adder. The adder closely misses you.
You barely miss the adder. The adder closely misses you.
You barely miss the adder. The adder closely misses you. The adder bites you.
You take 3 damage, and have 28/39 hp.
You hit the adder. The adder bites you.
You barely miss the adder. The adder barely misses you.
You take 1 damage, and have 27/39 hp.
You hit the adder. The adder bites you.
You are poisoned.
The adder poisons you!
You barely miss the adder.
You feel sick. The adder bites you but does no damage.
The adder closely misses you.
You hit the adder but do no damage. The adder barely misses you.
You take 2 damage, and have 25/39 hp.
Unknown command.
You hit the adder. The adder bites you but does no damage.
You closely miss the adder.
You feel sick. The adder bites you.
You are more poisoned.
The adder poisons you! The adder bites you.
You take 3 damage, and have 22/39 hp.
You are too injured to fight recklessly!
You closely miss the adder. The adder bites you.
You take 3 damage, and have 19/39 hp.
Unknown command.
You are too injured to fight recklessly!
You barely miss the adder.
You feel sick. The adder bites you.
You are more poisoned.
The adder poisons you!
You take 2 damage, and have 17/39 hp.
You are too injured to fight recklessly!
You miss the adder.
You feel sick. The adder bites you.
You take 4 damage, and have 13/39 hp.
Unknown command.
You are too injured to fight recklessly!
You hit the adder.
You feel sick. The adder bites you.
* * * LOW HITPOINT WARNING * * *
You are more poisoned.
The adder poisons you! The adder bites you but does no damage.
You are too injured to fight recklessly!
You closely miss the adder.
* * * LOW HITPOINT WARNING * * *
You feel sick. The adder barely misses you.
You take 6 damage, and have 7/39 hp.
Unknown command.
You are too injured to fight recklessly!
You miss the adder.
* * * LOW HITPOINT WARNING * * *
You feel sick. The adder bites you but does no damage.
Unknown command.
You hit the adder.
You kill the adder!
* * * LOW HITPOINT WARNING * * *
You feel sick.
You take 1 damage, and have 6/39 hp.
Unknown command.
It was a potion of mutation.
You feel extremely strange.
You feel weirdly uncertain.
You feel stupid.
Your connection to magic feels subdued.
You feel robust.
* * * LOW HITPOINT WARNING * * *
You feel sick.
You take 1 damage, and have 5/42 hp.
It was a potion of brilliance.
You feel clever all of a sudden.
* * * LOW HITPOINT WARNING * * *
You feel sick.
You take 1 damage, and have 4/42 hp.
It was a potion of agility.
You feel agile all of a sudden.
* * * LOW HITPOINT WARNING * * *
You feel sick.
You take 1 damage, and have 3/42 hp.
* * * LOW HITPOINT WARNING * * *
You feel sick.
You take 1 damage, and have 2/42 hp.
It was a potion of cancellation.
Your magical effects are unravelling.
You feel magically purged.
You feel a little less clever now.
You feel a little less agile now.
Really quaff
d - a potion of mutation {!q}?
You feel extremely strange.
You feel clever. A pair of horns grows on your head!
* * * LOW HITPOINT WARNING * * *
You feel sick.
* * * LOW HITPOINT WARNING * * *
You feel sick.
You take 1 damage, and have 1/42 hp.
Unknown command.
You aren't carrying any potions.
Unknown command.
As you read the scroll labeled JUOFOSHRIMU, it crumbles to dust.
It is a scroll of identify.
g - 2 scrolls of teleportation You die...

........##...........[..#.# #.#
.........+..............#.###.#
####.......#..............#.....#
................#............####
................#............#
......##....†................#
......##....#.......##.......#
......##....#.......##.......#
............#...@...##########
.........#+##.......##.....#
...........##.#...####.....#
..#.....#..#.........#.....##
........#..#..#####.........#
........#).#................#
........#..#................#####
##...[.....#................'...÷
...........#................#####


There were no monsters in sight!

Vanquished Creatures
  3 gnolls (D:2)
  An adder (D:2)
  A worm (D:2)
  A dart slug (D:1)
  6 bats
  2 giant cockroaches (D:1)
  3 goblins (D:1)
  8 hobgoblins
  3 jackals (D:1)
  6 frilled lizards
  7 kobolds (D:1)
  4 rats
45 creatures vanquished.

Notes
Turn   | Place    | Note
-------+----------+-------------------------------------------
     0 | D:1      | Gorglomux the Hill Orc Monk began the quest for the Orb.
     0 | D:1      | Reached XP level 1. HP: 19/19 MP: 1/1
    90 | D:1      | Reached XP level 2. HP: 23/26 MP: 2/2
   153 | D:1      | Reached skill level 5 in Axes
   406 | D:1      | Reached XP level 3. HP: 31/31 MP: 3/3
   898 | D:2      | Reached skill level 6 in Axes
  1126 | D:2      | HP: 7/31 [gnoll/flail (14)]
  1149 | D:2      | Reached XP level 4. HP: 12/39 MP: 4/4
  1577 | D:2      | HP: 8/39 [adder (4)]
  1581 | D:2      | Gained mutation: You are occasionally teleported next to monsters. [potion of mutation]
  1581 | D:2      | Gained mutation: You are dopey. (Int -2) [potion of mutation]
  1581 | D:2      | Gained mutation: Your spells are a little easier to cast, but a little less powerful. [potion of mutation]
  1581 | D:2      | Gained mutation: You are robust. (+10% HP) [potion of mutation]
  1582 | D:2      | HP: 4/42 [poisoned by an adder]
  1586 | D:2      | Lost mutation: You are dopey. (Int -2) [potion of mutation]
  1586 | D:2      | Gained mutation: You have a pair of small horns on your head. [potion of mutation]
  1587 | D:2      | HP: 1/42 [poisoned by an adder]
  1589 | D:2      | Succumbed to an adder's poison

Vault maps used:
D:1:      dpeg_arrival_boxorama
D:2:      chequers_temple_overflow_minitemple, fountainhead

Skill      XL: |  1  2  3 |
---------------+----------+-----
Axes           | 5 6 |  6.8
Fighting       | |  3.6
Dodging        | |  2.4
Stealth        | |  1.5

Action                   |  1- 3 |  4- 6 || total
-------------------------+-------+-------++-------
Melee: Hand axe          |   116 |    24 ||   140
Evoke: Wand              |       |     2 ||     2
  Use: Potion            |       |     5 ||     5
       Scroll            |       |     1 ||     1
 Stab: Sleeping          |     2 |       ||     2
  Eat: Chunk             |     1 |     1 ||     2
Armor: Leather armour    |    14 |     4 ||    18
       Robe              |     1 |       ||     1
Dodge: Dodged            |    72 |    12 ||    84

Vault maps used:
D:1:      dpeg_arrival_boxorama
D:2:      chequers_temple_overflow_minitemple, fountainhead

Table legend:
 A = Turns spent in this place as a percentage of turns spent in the entire game.
 B = Non-inter-level travel turns spent in this place as a percentage of non-inter-level travel turns spent in the entire game.
 C = Inter-level travel turns spent in this place as a percentage of turns spent in this place.
 D = Turns resting spent in this place as a percentage of non-inter-level travel turns spent in this place.
 E = Turns spent auto-exploring this place as a percentage of non-inter-level travel turns spent in this place.
 F = Non-inter-level travel turns spent in this place divided by the number of levels of this place that you've seen.
                   A       B       C       D       E      F
               +-------+-------+-------+-------+-------+----------------------
         Total | 100.0 | 100.0 |   0.3 |   0.8 |   8.3 | 306.5
       Dungeon | 100.0 | 100.0 |   0.3 |   0.8 |   8.3 | 306.5
               +-------+-------+-------+-------+-------+----------------------

Table legend:
 A = Kills in this place as a percentage of kills in entire the game.
 B = Kills by you in this place as a percentage of kills by you in the entire game.
 C = Kills by friends in this place as a percentage of kills by friends in the entire game.
 D = Other kills in this place as a percentage of other kills in the entire game.
 E = Experience gained in this place as a percentage of experience gained in the entire game.
 F = Experience gained in this place divided by the number of levels of this place that you have seen.
                   A       B       C       D       E      F
               +-------+-------+-------+-------+-------+----------------------
         Total | 100.0 | 100.0 |  -nan |  -nan | 100.0 |  63.0
       Dungeon | 100.0 | 100.0 |  -nan |  -nan | 100.0 |  63.0
               +-------+-------+-------+-------+-------+----------------------
